Map: [ESL] Amphion

Players

BattleB - Winner!

  • Race: Terran Terran
  • Spawn Location: 11:00

Clem

  • Race: Terran Terran
  • Spawn Location: 7:00

Event: ESL SC2 Masters 2024 Spring (Regional)

VOD

Have the link to the VOD?

Description

Time

  • Played on: April 12, 2024, 10:04 a.m.
  • Length: 16:34

All games in this series

Show
View Real Time Build Order
Export as new Build Order

BattleB Terran - Winner!

Build Orders: Cyclone Opening 

Get SALT Encoding   

  12  0:00  SCV  
  13  0:12  SCV  
  14  0:17  Supply Depot  
  14  0:24  SCV  
  15  0:39  SCV  
  15  0:42  Barracks  
  16  0:44  Refinery  
  16  0:51  SCV  
  16  0:54  Refinery  
  17  1:03  SCV  
  18  1:16  SCV  
  19  1:28  Reaper  
  19  1:29  Orbital Command  
  20  1:34  Supply Depot  
  20  1:42  Factory  
  20  1:54  SCV  
  20  2:00  Reaper  
  22  2:06  SCV  
  23  2:18  Command Center  
  23  2:20  SCV  
  24  2:28  Cyclone  
  26  2:32  SCV  
  26  2:37  Supply Depot  
  27  2:44  SCV, Barracks Reactor  
  28  2:57  SCV  
  29  3:07  Command Center  
  29  3:09  SCV  
  30  3:16  Starport  
  30  3:21  SCV  
  30  3:22  Marine  
  30  3:24  Marine  
  33  3:27  Factory Tech Lab  
  33  3:34  Orbital Command  
  33  3:37  SCV  
  34  3:41  Marine  
  34  3:42  Marine  
  36  3:49  Siege Tank  
  36  3:51  SCV  
  36  3:55  Starport Tech Lab  
  40  3:59  Marine  
  40  4:00  Marine  
  40  4:01  SCV  
  43  4:03  SCV  
  44  4:13  SCV, Refinery  
  44  4:16  SCV  
  46  4:17  Raven  
  46  4:18  Interference Matrix  
  44  4:26  SCV  
  45  4:32  SCV, Orbital Command  
  45  4:37  Siege Tank  
  48  4:39  SCV  
  48  4:40  Marine x2  
  48  4:45  SCV  
  51  4:51  SCV  
  52  4:55  Supply Depot  
  52  4:57  SCV, Raven  
  55  5:01  Marine x2  
  55  5:02  SCV  
  55  5:03  SCV  
  59  5:09  SCV  
  60  5:14  SCV  
  60  5:17  SCV  
  60  5:18  Supply Depot  
  65  5:25  SCV, Barracks  
  65  5:26  SCV  
  64  5:29  Barracks  
  64  5:30  Stimpack, Marine  
  64  5:31  Factory Reactor  
  64  5:36  SCV  
  64  5:37  SCV  
  64  5:39  Raven  
  68  5:43  SCV  
  68  5:48  SCV  
  70  5:50  Engineering Bay, Marine  
  70  5:52  SCV  
  70  5:53  Engineering Bay  
  70  5:56  Supply Depot  
  72  5:59  SCV  
  72  6:00  Refinery  
  72  6:02  SCV  
  73  6:08  SCV  
  74  6:11  SCV  
  75  6:21  SCV, Terran Infantry Weapons Level 1, Terran Infantry Armor Level 1, Barracks  
  75  6:22  Starport Reactor  
  75  6:24  Barracks  
  76  6:27  Siege Tank, Marine x2  
  76  6:29  Marine  
  76  6:30  SCV  
  76  6:31  Marine  
  84  6:33  Marine  
  84  6:36  Orbital Command  
  84  6:37  Supply Depot  
  85  6:42  Supply Depot  
  85  6:44  Supply Depot  
  85  6:59  SCV x2, Marine x5  
  92  7:03  Medivac x2  
  92  7:04  Siege Tank  
  92  7:05  SCV  
  100  7:11  SCV x2, Supply Depot  
  100  7:12  Barracks Tech Lab  
  100  7:13  Barracks Tech Lab  
  101  7:17  SCV  
  101  7:18  Marine x3  
  101  7:21  Combat Shield  
  103  7:23  SCV x2  
  103  7:26  Marauder, Marine  
  108  7:30  Supply Depot  
  108  7:34  SCV, Supply Depot  
  109  7:39  Supply Depot  
  109  7:40  SCV x2  
  109  7:43  Marauder  
  112  7:45  Medivac  
  112  7:47  SCV  
  112  7:48  Medivac  
  117  7:52  Marauder  
  117  7:55  SCV x2  
  117  7:57  Marauder  
  117  7:58  Marine  
  124  7:59  SCV  
  124  8:00  Marine  
  124  8:01  Marine  
  124  8:05  Supply Depot  
  126  8:07  Marine x2  
  126  8:12  Siege Tank  
  130  8:13  Marine  
  130  8:16  Marine  
  130  8:18  Marine  
  130  8:19  Marine, Marauder  
  133  8:21  Medivac  
  133  8:23  Medivac  
  133  8:25  Marauder  
  133  8:26  Marine  
  140  8:30  Supply Depot  
  140  8:31  Marine  
  140  8:33  SCV x2  
  140  8:34  Marine  
  143  8:36  Marine  
  143  8:40  Marauder  
  144  8:43  Marine  
  144  8:45  Marine  
  144  8:46  Marauder  
  139  8:49  Marauder  
  139  8:52  Marine  
  139  8:53  Marine  
  143  8:57  Refinery  
  143  9:00  Marine  
  143  9:01  Marauder  
  134  9:07  Marine  
  134  9:08  Marauder  
  134  9:09  Marine  
  132  9:11  Medivac x2, Marauder  
  132  9:16  Marine  
  139  9:18  Marine  
  139  9:23  Marauder  
  142  9:24  Marine  
  142  9:25  Siege Tank  
  142  9:29  Marauder  
  142  9:31  Marine  
  149  9:32  Refinery, Marauder  
  149  9:34  Marine  
  149  9:38  Marine  
  153  9:41  Medivac  
  153  9:42  Marine  
  153  9:44  Marauder  
  143  9:48  Marine  
  143  9:51  Marauder  
  143  9:52  Marine  
  137  9:54  Marauder  
  137  9:56  Marine  
  137  9:59  Siege Tank  
  136  10:00  Marine  
  136  10:06  Marine, Marauder, Command Center  
  138  10:09  Armory  
  138  10:10  Medivac, Marine  
  138  10:12  Marauder  
  138  10:13  Marine  
  142  10:15  Marauder  
  142  10:18  Marine  
  142  10:20  Medivac  
  147  10:24  Marine  
  147  10:27  Marauder  
  150  10:33  Marauder  
  150  10:34  Siege Tank, Marine  
  151  10:36  Marauder  
  151  10:37  Marine  
  151  10:38  Marine  
  151  10:40  Barracks x3  
  151  10:42  Marine  
  156  10:44  Supply Depot  
  156  10:51  Marine  
  156  10:55  Marauder  
  157  11:05  Marine x3  
  157  11:06  Marauder, Viking  
  157  11:09  Marine  
  165  11:18  Marauder x2, Viking  
  171  11:20  Terran Infantry Weapons Level 2, Terran Infantry Armor Level 2  
  171  11:21  Terran Vehicle Weapons Level 1  
  171  11:22  Siege Tank  
  171  11:23  Marine x3  
  172  11:27  Marauder, Marine  
  141  11:39  Medivac, Marine  
  125  11:40  Marauder  
  125  11:41  Marine x3  
  125  11:45  Marine  
  113  11:47  Planetary Fortress  
  113  11:48  Medivac  
  113  11:49  Marauder  
  114  11:54  Barracks Tech Lab  
  114  11:55  Barracks Tech Lab x2  
  114  11:57  Marauder  
  114  11:59  Marine x3  
  114  12:00  Marine  
  117  12:03  Siege Tank, Marine  
  121  12:08  SCV  
  121  12:09  SCV  
  121  12:10  Medivac, Marine  
  121  12:13  Marauder, Marine  
  129  12:17  Marine x3  
  129  12:19  Marine x2  
  129  12:20  Marine, Marauder  
  137  12:27  Marine  
  138  12:31  Marine  
  138  12:34  Marine  
  138  12:35  Marine x2  
  138  12:37  Marauder, Marine  
  139  12:38  Siege Tank, Marine, Marauder  
  139  12:41  Marauder  
  150  12:45  Factory  
  150  12:46  Marauder  
  150  12:48  Marine  
  151  12:52  Marine  
  151  12:53  Marauder  
  151  12:54  Medivac  
  151  12:55  Medivac  
  151  12:57  Marine x2  
  155  12:59  Marauder x2  
  155  13:01  Marine  
  155  13:03  Marauder  
  162  13:07  Marauder, Marine  
  163  13:14  Marine, Marauder  
  163  13:19  Marine  
  159  13:20  Marauder x2  
  159  13:21  Command Center  
  159  13:23  Marine  
  159  13:24  Marauder  
  160  13:30  Marine  
  160  13:31  Marauder, Marine  
  160  13:32  Marine  
  132  13:35  Marauder  
  132  13:36  Siege Tank  
  132  13:39  Medivac x2  
  135  13:42  Marauder  
  135  13:44  Terran Infantry Weapons Level 3  
  135  13:47  Marine x2  
  135  13:48  Marauder  
  138  13:49  Marine x3  
  138  13:51  Marine  
  138  13:52  Marine  
  138  13:55  Terran Infantry Armor Level 3  
  143  13:56  Marine  
  144  14:02  Marine  
  144  14:05  Marine  
  144  14:07  Marauder  
  144  14:08  Marine x2, Marauder  
  144  14:09  Marauder, Marine  
  155  14:10  Marine  
  155  14:14  Marine  
  155  14:15  Siege Tank  
  160  14:18  Medivac x2  
  160  14:20  Marine  
  160  14:22  Marine  
  166  14:28  Marauder x2  
  170  14:31  Marine  
  170  14:32  Marauder  
  170  14:36  Marine x2  
  170  14:37  Marauder  
  167  14:43  Marine x2  
  167  14:44  Planetary Fortress, Marauder  
  151  14:49  Marine  
  151  14:50  Marauder x2  
  149  14:52  Marine  
  149  14:54  Marine  
  149  14:55  Marine  
  149  14:56  Medivac x2  
  149  14:58  Marauder  
  154  15:01  Marine  
  154  15:02  Marauder  
  154  15:05  Marauder  
  154  15:07  Marine  
  151  15:11  Siege Tank, Marauder x3  
  151  15:12  Marine  
  151  15:13  Marine  
  160  15:20  Marauder  
  160  15:21  Marine  
  157  15:22  Marine  
  157  15:24  Marine  
  157  15:26  Marauder  
  157  15:27  SCV  
  162  15:32  Marauder x2, Marine  
  162  15:33  Marine  
  162  15:34  Marauder  
  164  15:39  Marine  
  164  15:40  Marine  
  164  15:41  Medivac x2, Marauder  
  164  15:42  Marine  
  161  15:48  Factory Tech Lab, Marauder  
  156  15:50  Marine  
  156  15:51  Marine  
  156  15:52  Siege Tank  
  156  15:54  Marauder x2  
  160  15:58  Marine  
  160  15:59  Marauder  
  160  16:01  Supply Depot  
  161  16:04  Marine  
  161  16:05  Marauder  
  161  16:09  Marine x3  
  161  16:10  Marauder  
  169  16:15  Marine  
Show
View Real Time Build Order
Export as new Build Order

Clem Terran 

Build Orders: Cyclone Opening, Mech 

Get SALT Encoding   

  12  0:00  SCV  
  13  0:12  SCV  
  14  0:17  Supply Depot  
  14  0:24  SCV  
  15  0:39  SCV  
  15  0:40  Barracks  
  16  0:44  Refinery  
  16  0:51  SCV  
  16  0:54  Refinery  
  17  1:03  SCV  
  18  1:15  SCV  
  19  1:27  Orbital Command  
  19  1:28  Reaper  
  20  1:33  Supply Depot  
  20  1:41  Factory  
  20  1:53  SCV  
  21  2:00  Reaper  
  22  2:05  SCV  
  23  2:17  SCV  
  23  2:21  Command Center  
  24  2:27  Cyclone  
  26  2:30  SCV  
  27  2:37  Starport  
  27  2:42  SCV  
  28  2:44  Barracks Reactor  
  28  2:50  Supply Depot  
  28  2:54  SCV  
  29  3:01  Cyclone  
  31  3:12  SCV  
  32  3:13  Medivac  
  34  3:23  Refinery  
  34  3:24  SCV  
  35  3:28  Barracks Tech Lab  
  35  3:32  Orbital Command  
  35  3:36  SCV  
  35  3:39  Cyclone  
  38  3:41  Cyclone  
  40  3:48  SCV  
  40  3:53  Barracks Tech Lab  
  41  3:58  SCV  
  41  4:00  SCV  
  43  4:03  Supply Depot, Raven  
  45  4:10  SCV  
  45  4:13  SCV  
  47  4:22  SCV  
  48  4:25  SCV  
  48  4:28  Siege Tank, Marine x2  
  54  4:35  SCV  
  54  4:36  Command Center  
  54  4:37  SCV  
  56  4:39  Raven  
  58  4:47  SCV  
  58  4:49  SCV  
  58  4:51  Supply Depot  
  60  4:54  Refinery, Marine  
  60  4:55  Marine  
  60  4:56  Interference Matrix  
  62  5:05  Factory  
  62  5:08  Supply Depot  
  62  5:13  SCV x2, Siege Tank  
  67  5:20  Marine x2  
  67  5:23  Supply Depot  
  67  5:25  SCV x2  
  69  5:30  Raven  
  69  5:33  Supply Depot  
  71  5:37  SCV x2  
  71  5:39  Engineering Bay  
  73  5:46  Siege Tank  
  73  5:49  SCV x2, Orbital Command  
  78  6:01  SCV  
  78  6:03  SCV  
  80  6:06  Supply Depot  
  80  6:12  Siege Tank  
  80  6:13  SCV, Viking x2  
  80  6:14  Orbital Command  
  80  6:15  SCV  
  89  6:18  Supply Depot  
  89  6:25  SCV  
  89  6:26  Siege Tank  
  89  6:27  SCV  
  94  6:34  Armory  
  94  6:35  Armory  
  94  6:38  SCV  
  94  6:39  SCV  
  96  6:40  Refinery  
  96  6:41  SCV, Refinery  
  97  6:47  Siege Tank  
  97  6:49  Viking  
  97  6:50  SCV  
  97  6:51  SCV  
  97  6:52  Supply Depot  
  104  6:54  Viking  
  104  6:55  SCV  
  107  7:02  SCV  
  107  7:03  SCV  
  107  7:06  Siege Tank, Supply Depot  
  107  7:07  SCV  
  112  7:14  SCV  
  112  7:16  SCV  
  112  7:19  SCV, Siege Tank  
  112  7:21  Supply Depot  
  117  7:24  Supply Depot, Viking  
  117  7:26  SCV, Viking  
  122  7:30  Factory  
  122  7:33  Barracks Reactor  
  122  7:34  SCV, Supply Depot  
  122  7:35  SCV  
  124  7:39  Siege Tank  
  124  7:40  SCV  
  128  7:44  Supply Depot  
  128  7:46  SCV  
  128  7:48  Terran Vehicle Weapons Level 1  
  128  7:50  Supply Depot  
  129  7:52  Terran Vehicle And Ship Armor Level 1  
  129  7:54  SCV  
  129  7:55  Missile Turret  
  129  8:02  Viking  
  129  8:03  Viking  
  133  8:07  Command Center  
  133  8:13  Siege Tank  
  133  8:16  Siege Tank  
  139  8:21  Supply Depot  
  139  8:27  Hellion x2  
  143  8:37  Viking  
  145  8:45  Siege Tank  
  123  8:48  SCV, Siege Tank  
  123  8:50  Viking  
  123  8:54  Hellion x2  
  115  8:57  Command Center  
  115  9:00  Factory  
  109  9:05  SCV  
  109  9:07  SCV  
  107  9:10  Liberator  
  107  9:12  SCV  
  107  9:15  Hellion  
  113  9:17  SCV, Siege Tank  
  113  9:20  SCV  
  118  9:24  SCV  
  118  9:25  Siege Tank  
  118  9:26  Hellion  
  118  9:30  SCV  
  118  9:31  Missile Turret x2  
  124  9:32  SCV  
  124  9:35  Barracks Tech Lab  
  124  9:36  SCV  
  125  9:42  SCV  
  125  9:44  SCV  
  122  9:48  SCV  
  122  9:49  Siege Tank  
  113  9:53  Hellion  
  113  9:54  SCV  
  113  9:56  SCV  
  113  9:57  Siege Tank  
  113  9:58  Hellion  
  111  10:00  SCV  
  111  10:02  SCV  
  111  10:06  SCV  
  110  10:08  SCV  
  110  10:12  SCV  
  110  10:13  SCV  
  113  10:16  Planetary Fortress  
  113  10:18  Hellion  
  113  10:19  Siege Tank, Refinery  
  113  10:21  SCV, Siege Tank  
  119  10:22  SCV  
  119  10:25  Hellion  
  119  10:26  SCV  
  119  10:27  Viking  
  128  10:29  Siege Tank, Viking  
  128  10:30  SCV  
  128  10:33  SCV, Refinery  
  128  10:34  SCV  
  136  10:39  SCV  
  136  10:41  Sensor Tower  
  137  10:42  Terran Vehicle Weapons Level 2  
  137  10:44  Hellion  
  137  10:45  SCV  
  137  10:48  Hellion  
  142  10:53  Siege Tank  
  142  10:56  Siege Tank  
  148  10:59  Orbital Command  
  148  11:02  Sensor Tower  
  148  11:05  Hellion  
  150  11:12  Siege Tank  
  150  11:15  Hellion, Viking  
  150  11:16  Viking  
  162  11:25  Siege Tank  
  162  11:27  Hellion  
  162  11:29  Command Center  
  162  11:30  Siege Tank  
  141  11:34  SCV  
  141  11:36  Hellion  
  141  11:38  SCV  
  115  11:43  SCV  
  115  11:44  Siege Tank  
  115  11:45  Viking  
  109  11:48  Hellion  
  109  11:52  Viking  
  112  11:57  Siege Tank  
  112  12:03  Siege Tank  
  112  12:04  SCV x2, Hellion  
  112  12:05  SCV  
  112  12:07  SCV  
  121  12:15  Viking  
  121  12:16  Siege Tank  
  121  12:17  SCV  
  121  12:18  SCV, Refinery  
  121  12:20  SCV, Refinery  
  129  12:22  Viking  
  129  12:24  Hellion  
  129  12:29  Siege Tank  
  138  12:30  Hellion  
  138  12:35  Siege Tank  
  141  12:40  Sensor Tower, Missile Turret  
  141  12:45  Viking  
  141  12:50  Siege Tank, Hellion  
  147  12:52  Viking  
  147  12:54  Hellion  
  147  12:55  SCV  
  146  13:02  Siege Tank  
  144  13:07  Siege Tank  
  144  13:09  SCV  
  144  13:10  SCV x2  
  144  13:11  SCV  
  144  13:12  Hellion  
  152  13:15  Viking  
  152  13:16  Hellion  
  149  13:21  SCV  
  149  13:22  SCV x2, Viking  
  149  13:23  Siege Tank  
  153  13:28  Planetary Fortress  
  138  13:35  Siege Tank, Hellion  
  138  13:36  SCV  
  138  13:37  SCV x2  
  138  13:38  Refinery  
  144  13:45  Hellion, Viking  
  148  13:49  Siege Tank  
  148  13:50  SCV  
  148  13:52  Viking  
  148  13:54  Missile Turret  
  154  13:58  Siege Tank  
  154  13:59  Hellion  
  159  14:03  Sensor Tower  
  159  14:08  Command Center  
  159  14:09  Orbital Command  
  159  14:22  Missile Turret  
  159  14:27  Viking x2  
  163  14:32  Siege Tank  
  163  14:35  Hellion x2  
  154  14:40  Siege Tank  
  154  14:45  Siege Tank  
  127  14:52  SCV x2, Command Center  
  126  14:53  SCV  
  126  14:55  SCV  
  126  14:56  Hellion  
  126  14:58  Hellion  
  129  15:00  Viking  
  129  15:06  Siege Tank  
  134  15:10  Viking  
  134  15:12  SCV, Siege Tank  
  139  15:17  Siege Tank  
  142  15:21  Hellion  
  142  15:22  Hellion  
  142  15:26  Refinery  
  146  15:31  Viking  
  131  15:38  Siege Tank  
  130  15:44  Siege Tank  
  130  15:48  Factory Reactor  
  130  15:49  Factory Tech Lab  
  131  15:53  SCV x2  
  131  15:54  SCV  
  134  15:58  SCV, Viking  
  134  16:01  Viking  
  137  16:13  Refinery  
  137  16:16  Refinery  
Tags
 
Add a new tag
Caveats
  • Supply blocks, unpowered buildings, or Contaminate may cause inaccurate times.
  • Supply counts are checked every 10 seconds.